 Dungeon Crawl Stone Soup version 0.32-a0-685-g93135e86f0 (webtiles) character file.

Game seed: 7835439952247170545

47525 gimp the Grappler (level 14, -3/208 HPs)
             Began as an Oni Shapeshifter on Mar 12, 2024.
             Was an Elder of Trog.
             Slain by a hornet (9 damage)
             ... on level 5 of the Lair of Beasts.
             The game lasted 00:32:00 (17871 turns).

gimp the Grappler (Oni Shapeshifter)               Turns: 17871, Time: 00:32:00

Health: -3/208     AC:  8    Str: 21    XL:     14   Next: 42%
Magic:  14/14      EV: 24    Int: 11    God:    Trog [****..]
Gold:   547        SH:  0    Dex: 12    Spells: 13/13 levels left

rFire   . .          .
                       - Unarmed
rCold   . . .        (shield currently unavailable)
rNeg    . . .        t - melded +0 robe {rC+}
rPois   .            v - +2 hat {SInv}
rElec   .            d - +2 cloak
rCorr   .            (gloves unavailable)
SInv    +            (boots unavailable)
Will    +++..        (no amulet) Stlth
                     H - ring of flight
HPRegen 2.34/turn    M - +5 ring of evasion
MPRegen 0.14/turn

%: no passive effects
@: berserking, lethally poisoned (-3 -> -4), flux-form, strong-willed, flying,
regenerating, slowed, glowing
A: glow, contaminating, large, unfitting armour, horns 1, tough skin 1, double
potion healing, drunken brawling, iridescent scales 1, regeneration 1, robust 1
a: Begin Untransformation, Renounce Religion, Berserk, Trog's Hand, Brothers in
Arms


You were on level 5 of the Lair of Beasts.
You worshipped Trog.
Trog was greatly pleased with you.
You were something dangerously unstable.
You visited 3 branches of the dungeon, and saw 17 of its levels.

You collected 1042 gold pieces.
You spent 495 gold pieces at shops.

Inventory:

Missiles
 J - 2 throwing nets (quivered)
 K - 3 curare-tipped darts
Armour
 d - a +2 cloak (worn)
 s - +0 acid dragon scales
 t - a +0 robe of cold resistance (melded)
 v - a +2 hat of see invisible (worn)
Jewellery
 i - an amulet of regeneration
 C - a ring of ice
 H - a ring of flight (left hand)
 M - a +5 ring of evasion (right hand)
 N - an amulet of the acrobat
Talismans
 c - a beast talisman
 G - a flux talisman (active)
 I - a dragon-blood talisman
Wands
 e - a wand of quicksilver (3)
 x - a wand of mindburst (5)
 y - a wand of paralysis (5)
Scrolls
 a - 2 scrolls of blinking
 b - a scroll of torment
 f - 5 scrolls of teleportation
 g - a scroll of fog
 h - 3 scrolls of vulnerability
 k - 6 scrolls of enchant weapon {unknown}
 u - 4 scrolls of poison {unknown}
 B - 6 scrolls of enchant armour
 D - 2 scrolls of revelation
 F - 2 scrolls of immolation
Potions
 j - 2 potions of heal wounds
 l - 2 potions of mutation
 m - 4 potions of attraction
 n - a potion of berserk rage
 o - a potion of invisibility
 p - 2 potions of might
 q - a potion of enlightenment
 r - 2 potions of curing
 w - 2 potions of resistance
 z - 2 potions of haste
 A - 2 potions of ambrosia
 E - a potion of magic


   Skills:
 - Level 5.0 Fighting
 + Level 14.1 Dodging
 + Level 14.2 Unarmed Combat
 + Level 11.5 Shapeshifting


You had 13 spell levels left.
You didn't know any spells.
Your spell library contained the following spells:

 Spells                   Type           Power      Damage    Failure   Level
 Freeze                   Ice            0%         1d3       34%         1
 Mercury Vapours          Alch/Air       0%         N/A       47%         2
 Frozen Ramparts          Ice            0%         1d1       71%         3
 Hailstorm                Conj/Ice       0%         3d5       71%         3
 Inner Flame              Hex/Fire       0%         N/A       71%         3
 Mephitic Cloud           Conj/Alch/Air  0%         N/A       71%         3
 Ozocubu's Armour         Ice            0%         N/A       71%         3
 Cause Fear               Hex            0%         N/A       98%         4
 Flame Wave               Conj/Fire      0%         2d4       98%         4
 Sticky Flame             Fire/Alch      0%         2d4       98%         4
 Fireball                 Conj/Fire      0%         3d3       100%        5
 Freezing Cloud           Conj/Ice/Air   0%         6-21      100%        5
 Metabolic Englaciation   Hex/Ice        0%         N/A       100%        5
 Dragon's Call            Summ           0%         N/A       100%        9


Dungeon Overview and Level Annotations

Branches:
Dungeon (11/15)            Temple (1/1) D:4            Lair (5/5) D:11
 Shoals (0/4) Lair:2        Snake (0/4) Lair:3          Orc (0/2) D:10
  Slime: Lair:4-5

Altars:
Ashenzari
Cheibriados
Dithmenos
Elyvilon
Fedhas
Gozag
Hepliaklqana
Kikubaaqudgha
Makhleb
Nemelex Xobeh
Okawaru
Qazlal
Ru
Sif Muna
Trog
Uskayaw
Vehumet
Wu Jian
Xom
Yredelemnul
Zin
The Shining One
Beogh

Shops:
D:8 (   D:10 !

Annotations:
D:11 2 exclusions
Lair:3 6 runed translucent doors


Innate Abilities, Weirdness & Mutations

You are something dangerously unstable.
You glow with magical radiation, making you easy to see and hit.
Foes you strike become dangerously contaminated with magical radiation.
You are incapable of wielding weapons or throwing items.
You are too large for most types of armour.
You have a pair of small horns on your head.
You have tough skin. (AC +1)
You gain doubled healing and magic from potions.
Whenever you drink a healing potion, you attack all around you.
You are partially covered in iridescent scales. (AC +2)
Your natural rate of healing is unusually fast.
You are robust. (+10% HP)


Message History

The wyvern bites you!
* * * LOW HITPOINT WARNING * * *
The hornet completely misses you.
The blink frog blinks!
The hornet completely misses you. The wyvern misses you.
You take 16 damage, and have 35/139 hp.
Aiming: Paralyse
Press: ? - help, Shift-Dir - straight line, f/p - hornet
Aim: a hornet (chance to affect: 39%)
The hornet suddenly stops moving!
You feel very sick. The wyvern bites you.
* * * LOW HITPOINT WARNING * * *
The wyvern closely misses you.
You take 2 damage, and have 33/139 hp.
Your skin crawls.
You feel strong-willed.
You feel sick. The wyvern misses you. The wyvern completely misses you.
You regained 2 hp, and now have 35/139 hp.
You punch the wyvern!
The wyvern begins to glow.
You headbutt the wyvern.
The wyvern is moderately wounded.
You feel sick. The wyvern completely misses you. The wyvern closely misses you.
You hit the wyvern.
The wyvern glows dangerously bright.
You headbutt the wyvern.
The wyvern is heavily wounded.
You feel sick. The wyvern misses you.
You hit the wyvern.
The wyvern shudders as magic cascades through it!
The wyvern twists and deforms.
The wyvern is almost dead.
You feel sick.
The wyvern bites you but does no damage.
The wyvern completely misses you.
You hit the wyvern but do no damage.
The wyvern begins to glow.
You headbutt the wyvern.
You kill the wyvern!
Trog accepts your kill.
You feel yourself speed up.
You recover from your berserk rage.
You feel sick.
You are no longer poisoned.
You regained 2 hp, and now have 40/139 hp.
You punch the polar bear!
The polar bear begins to glow.
You headbutt the polar bear.
The polar bear is lightly wounded.
The polar bear bites you!
* * * LOW HITPOINT WARNING * * *
The polar bear closely misses you.
The polar bear claws you but does no damage.
You take 15 damage, and have 25/139 hp.
You punch the polar bear!
The polar bear glows dangerously bright.
The polar bear is moderately wounded.
The polar bear bites you but does no damage.
The polar bear claws you but does no damage. x2
You regained 2 hp, and now have 27/139 hp.
You hit the polar bear.
The polar bear shudders as magic cascades through it!
The polar bear twists and deforms.
You headbutt the polar bear, but do no damage.
The polar bear is severely wounded.
The polar bear misses you. The polar bear completely misses you.
The polar bear claws you but does no damage.
You punch the polar bear!
The polar bear begins to glow.
The polar bear is almost dead.
You regained 2 hp, and now have 30/139 hp.
You hit the polar bear.
The polar bear glows dangerously bright.
The polar bear is almost dead.
The hornet is no longer paralysed.
The hornet completely misses you.
The polar bear goes berserk!
You punch the polar bear!
You kill the polar bear!
Trog accepts your kill.
The blink frog blinks!
The hornet completely misses you.
You regained 2 hp, and now have 33/139 hp.
A red film seems to cover your vision as you go berserk!
You feel yourself moving faster!
You feel mighty! The hornet stings you!
* * * LOW HITPOINT WARNING * * *
You feel yourself slow down. The hornet stings you!
* * * LOW HITPOINT WARNING * * *
You are poisoned.
You suddenly lose the ability to move!
You feel very sick. The hornet stings you!
* * * LOW HITPOINT WARNING * * *
You are more poisoned.
You shrug off the repeated paralysis!
You can move again.
You now have 16/208 hp.
Unknown command.
You barely miss the hornet.
You feel sick. The hornet completely misses you.
You take 1 damage, and have 15/208 hp.
You punch the hornet!
The hornet begins to glow.
Your headbutt misses the hornet.
The hornet is heavily wounded.
You feel very sick. The hornet stings you!
* * * LOW HITPOINT WARNING * * *
You feel as though you will be slow longer.
The hornet stings you!
You die...

## ###
#####.#####
##F###..#..P#..#.
#py..............
###..............
#...†..........P
##...............
#.............#..
##.......<.......
##.P##....P.....
#..##.....P.....
#...............


You could see a blink frog and a hornet (contam).

Vanquished Creatures
  Gastronok (Lair:1)
  Kirke (Lair:4)
  2 hydras
  A rakshasa (D:10)
  An ogre mage (D:10)
  2 two-headed ogres (D:11)
  3 boulder beetles
  Sonja (Lair:4)
  2 skysharks (Lair:3)
  A sea snake (Lair:5)
  Maurice (D:9)
  A cyclops (D:11)
  23 elephants
  3 black mambas
  Joseph (D:8)
  13 cane toads
  5 kobold demonologists (D:11)
  2 rime drakes
  2 unseen horrors
  Psyche (D:8)
  3 komodo dragons
  3 trolls
  20 blink frogs
  4 polar bears
  4 tarantellas (Lair:3)
  Sigmund (D:3)
  3 shadows
  3 wyverns
  3 vampires
  2 hogs (Lair:4)
  A basilisk (Lair:3)
  28 yaks
  Grum (D:8)
  2 steam dragons
  3 vampire mosquitoes
  2 nagas (Lair:3)
  4 acid dragons
  9 water moccasins
  Duvessa (D:4)
  A swamp drake (Lair:4)
  2 ice beasts
  6 orc warriors
  2 ogres
  A black bear (Lair:1)
  9 centaurs
  21 wolves
  A phantom (D:7)
  A kobold brigand (D:11)
  15 bullfrogs
  A gnoll sergeant (D:10)
  A scorpion (D:4)
  4 wights (D:7)
  Dowan (D:4)
  4 killer bees (D:7)
  3 howler monkeys
  6 electric eels
  3 bombardier beetles
  A gnoll bouda (D:8)
  10 orc priests
  2 hounds (D:5)
  A jelly (D:6)
  3 sleepcaps
  8 orc wizards
  Natasha (thrice) (D:3)
  3 iguanas
  Robin (D:3)
  7 gnolls
  7 adders
  4 white imps
  4 dart slugs
  2 ribbon worms (D:3)
  54 orcs
  7 ball pythons
  3 bats
  8 endoplasms
  3 giant cockroaches
  17 goblins
  8 hobgoblins
  10 jackals
  A quokka (D:2)
  6 frilled lizards
  9 kobolds
  9 rats
437 creatures vanquished.

Notes
Turn   | Place    | Note
-------+----------+-------------------------------------------
     0 | D:1      | gimp the Oni Shapeshifter began the quest for the Orb.
     0 | D:1      | Reached XP level 1. HP: 19/19 MP: 1/1
    34 | D:1      | Found a faded altar of an unknown god.
   135 | D:1      | Reached XP level 2. HP: 28/28 MP: 2/2
   322 | D:1      | Reached XP level 3. HP: 35/35 MP: 3/3
  1181 | D:2      | Reached XP level 4. HP: 38/44 MP: 4/4
  1239 | D:2      | Found a basalt altar of Yredelemnul.
  1898 | D:3      | Noticed Sigmund
  1902 | D:3      | Noticed Natasha
  1911 | D:3      | Killed Sigmund
  1912 | D:3      | Reached XP level 5. HP: 53/54 MP: 5/5
  1912 | D:3      | Reached XP level 6. HP: 61/62 MP: 6/6
  1927 | D:3      | Killed Natasha
  2081 | D:3      | Noticed Natasha
  2087 | D:3      | Killed Natasha
  2149 | D:3      | Noticed a water moccasin
  2151 | D:3      | Identified the +6 chain mail "Refabrec" {Will++}
  2151 | D:3      | Noticed an ice beast
  2172 | D:3      | Killed a water moccasin
  2173 | D:3      | Reached XP level 7. HP: 26/71 MP: 7/7
  2446 | D:3      | Reached skill level 5 in Fighting
  2478 | D:3      | Noticed Robin
  2483 | D:3      | Killed Robin
  2577 | D:3      | Found an iron altar of Okawaru.
  2643 | D:3      | Noticed Natasha
  2651 | D:3      | Killed Natasha
  3160 | D:4      | Noticed Dowan
  3343 | D:4      | Killed Dowan
  3344 | D:4      | Reached skill level 5 in Shapeshifting
  3467 | D:5      | Entered Level 5 of the Dungeon
  3729 | D:5      | Reached XP level 8. HP: 73/80 MP: 8/8
  3740 | D:5      | Noticed a troll
  3754 | D:5      | Killed a troll
  3755 | D:5      | Reached skill level 5 in Unarmed Combat
  3757 | D:5      | Reached skill level 5 in Dodging
  4493 | D:6      | Reached XP level 9. HP: 55/88 MP: 9/9
  8270 | D:8      | Reached XP level 10. HP: 82/96 MP: 10/10
  8330 | D:8      | Found Noorottice's Antique Weapon Boutique.
  8651 | D:8      | Noticed Grum
  8683 | D:8      | Gained mutation: Your natural rate of healing is unusually
                  | fast. [potion of mutation]
  8683 | D:8      | Gained mutation: You are partially covered in iridescent
                  | scales. (AC +2) [potion of mutation]
  8683 | D:8      | Gained mutation: You are robust. (+10% HP) [potion of
                  | mutation]
  8699 | D:8      | Killed Grum
  8772 | D:8      | Noticed Joseph
  8786 | D:8      | Killed Joseph
  8790 | D:8      | Noticed Psyche
  8798 | D:8      | Killed Psyche
  9051 | D:9      | Identified the +6 whip "Ybiasis" {drain, rC- Str+5 Int+3
                  | Stlth-}
  9345 | D:4      | Found a staircase to the Ecumenical Temple.
  9354 | Temple   | Entered the Ecumenical Temple
  9368 | Temple   | Became a worshipper of Trog the Wrathful
  9388 | D:4      | Noticed Duvessa
  9396 | D:4      | Killed Duvessa
 10097 | D:9      | Noticed Maurice
 10101 | D:9      | Paralysed by something for 3 turns
 10107 | D:9      | Something stole a flux talisman
 10108 | D:9      | Something stole a ring of ice
 10109 | D:9      | Paralysed by Maurice for 4 turns
 10110 | D:9      | Maurice stole 23 gold
 10111 | D:9      | Maurice stole 46 gold
 10112 | D:9      | Something stole 259 gold
 10123 | D:9      | Killed Maurice
 10669 | D:10     | Entered Level 10 of the Dungeon
 10825 | D:10     | Reached XP level 11. HP: 101/112 MP: 11/11
 10846 | D:10     | Found a shimmering altar of Xom.
 10854 | D:10     | Noticed an ogre mage
 10865 | D:10     | Killed an ogre mage
 10866 | D:10     | Reached skill level 10 in Unarmed Combat
 10956 | D:10     | Reached * piety under Trog
 10973 | D:10     | Reached skill level 10 in Dodging
 11385 | D:10     | Noticed a rakshasa
 11422 | D:10     | Killed a rakshasa
 11568 | D:10     | Found Winal's Distillery.
 11577 | D:10     | Bought 2 potions of heal wounds for 110 gold pieces
 11577 | D:10     | Bought a potion of curing for 33 gold pieces
 11577 | D:10     | Bought a potion of heal wounds for 55 gold pieces
 11577 | D:10     | Bought a potion of haste for 110 gold pieces
 11577 | D:10     | Bought 2 potions of ambrosia for 176 gold pieces
 11577 | D:10     | Bought a potion of degeneration for 11 gold pieces
 11772 | D:10     | Found a roughly hewn altar of Beogh.
 11772 | D:10     | Found a staircase to the Orcish Mines.
 11991 | D:11     | Noticed a boulder beetle
 12003 | D:11     | Noticed a cyclops
 12005 | D:11     | Noticed a two-headed ogre
 12013 | D:11     | Killed a boulder beetle
 12020 | D:11     | Killed a cyclops
 12024 | D:11     | Killed a two-headed ogre
 12296 | D:11     | Reached ** piety under Trog
 12349 | D:11     | Found a staircase to the Lair.
 12412 | D:11     | Noticed a boulder beetle
 12434 | D:11     | Killed a boulder beetle
 12435 | D:11     | Reached XP level 12. HP: 122/122 MP: 12/12
 12496 | D:11     | Noticed a two-headed ogre
 12505 | D:11     | Killed a two-headed ogre
 12788 | D:11     | Noticed a soul eater
 12936 | Lair:1   | Entered Level 1 of the Lair of Beasts
 13724 | Lair:1   | Noticed a boulder beetle
 13755 | Lair:1   | Killed a boulder beetle
 13771 | Lair:1   | Noticed Gastronok
 13796 | Lair:1   | Killed Gastronok
 14084 | Lair:2   | HP: 9/183 [blink frog (1)]
 14089 | Lair:2   | HP: 5/122 [poisoned by a cane toad]
 14174 | Lair:2   | Reached XP level 13. HP: 120/129 MP: 13/13
 14283 | Lair:2   | Reached *** piety under Trog
 14326 | Lair:2   | Found a staircase to the Shoals.
 14901 | Lair:2   | You are sucked into a shaft and drop 2 floors!
 15004 | Lair:3   | Reached skill level 10 in Shapeshifting
 15431 | Lair:3   | Found a staircase to the Snake Pit.
 15732 | Lair:3   | Found a runed translucent door.
 16563 | Lair:3   | Found a runed translucent gate.
 16565 | Lair:3   | Found a runed translucent gate.
 16566 | Lair:3   | Found a runed translucent gate.
 16566 | Lair:3   | Found a runed translucent gate.
 16566 | Lair:3   | Found a runed translucent gate.
 16567 | Lair:3   | Found a runed translucent gate.
 16676 | Lair:4   | Reached XP level 14. HP: 139/139 MP: 14/14
 16990 | Lair:4   | Noticed Sonja
 16997 | Lair:4   | Killed Sonja
 16997 | Lair:4   | Reached **** piety under Trog
 17146 | Lair:4   | Noticed Kirke
 17186 | Lair:4   | Killed Kirke
 17663 | Lair:5   | Entered Level 5 of the Lair of Beasts
 17868 | Lair:5   | Paralysed by a hornet for 2 turns
 17871 | Lair:5   | HP: 6/208 [hornet (8)]
 17871 | Lair:5   | Slain by a hornet

Illustrated notes

Levels and vault maps discovered:
D:1:      psy_arrival_basics, layout_basic,
          shapermc_ecumenical_altar_mp_ritualfount
D:2:      layout_basic, basic_altar
D:3:      layout_basic, lemuel_round_altar, serial_bayou_pond_b,
          minmay_ruptured, uniq_sigmund, uniq_robin, uniq_natasha
D:4:      layout_basic, minmay_temple_entry_gardened_gates, serial_rivers,
          chequers_serial_rivers_room_b, chequers_serial_rivers_large_b,
          chequers_serial_rivers_micro_b, chequers_serial_rivers_micro_d,
          chequers_serial_rivers_small_3, chequers_serial_rivers_small_b,
          uniq_duvessa
D:5:      layout_cave_pools
D:6:      layout_loops_corners, minmay_misc_feat_roman
D:7:      layout_basic, water_boxes_lemuel
D:8:      layout_gridville, serial_shops, shop, serial_glass, glass_columns_c,
          glass_columns_a, glass_columns_a, glass_columns_a, glass_columns_a,
          glass_columns_b, glass_columns_a, glass_columns_a, roderic_lattice_a,
          uniq_psyche, uniq_grum, uniq_joseph
D:9:      layout_roguey, kennysheep_boxes, uniq_maurice
D:10:     layout_basic, david_orc_5, serial_shops, nicolae_shop_gibbet_a_chance,
          grunt_decor_one_mirror, chequers_arboretum, minmay_misc_feat_columns,
          minmay_ruined_shrine
D:11:     nzn_winding_woodlands_stair_cross
          [nzn_winding_woodlands_5x15_concentric,
          nzn_winding_woodlands_center_pierced_h,
          nzn_winding_woodlands_5x15_default,
          nzn_winding_woodlands_5x5_checkerboard,
          nzn_winding_woodlands_5x5_perimeter, nzn_winding_woodlands_5x15_cabin,
          nzn_winding_woodlands_center_triple_pond,
          nzn_winding_woodlands_5x15_twine], layout_rooms, lair_entry_dummy
Temple:   mainiacjoe_temple_trianglar_array
Lair:1:   layout_regular_city, uniq_gastronok
Lair:2:   layout_misc_corridors, minmay_shoals_entry_centaurs,
          infiniplex_staircase_pool
Lair:3:   gammafunk_indiana_jones, layout_chaotic_city,
          guppyfry_snake_entry_island
Lair:4:   layout_cave_pods, serial_bayou_pond_e, guppyfry_lair_drakes,
          serial_bayou_shore_a, uniq_sonja, uniq_kirke
Lair:5:   gammafunk_lair_ancient_temple, layout_long_grid,
          minmay_slime_entry_pillars, chequers_serial_rivers_micro_c,
          serial_bayou_shore_b

Skill      XL: |  1  2  3  4  5  6  7  8  9 10 11 12 13 14 |
---------------+-------------------------------------------+-----
Dodging        | 2 3 4 5 7 9 11 12 13 14 | 14.1
Fighting       | 2 3 4 5 |  5.0
Unarmed Combat | 3 4 6 7 9 11 12 13 14 | 14.2
Shapeshifting  | 4 5 6 7 9 10 11 | 11.5

Action                     |  1- 3 |  4- 6 |  7- 9 | 10-12 | 13-15 || total
---------------------------+-------+-------+-------+-------+-------++-------
  Melee: Unarmed           |   117 |    74 |   371 |   610 |   587 ||  1759
         Headbutt          |    12 |     5 |    75 |   149 |   176 ||   417
         Punch             |     2 |     1 |     6 |       |       ||     9
 Invoke: Berserk           |       |       |       |     7 |    15 ||    22
         Trog's Hand       |       |       |       |     1 |     6 ||     7
  Evoke: Wand              |       |       |     4 |     6 |    10 ||    20
    Use: Potion            |       |     4 |     2 |     7 |     2 ||    15
         Scroll            |       |       |     1 |    13 |     7 ||    21
   Stab: Sleeping          |     1 |       |       |       |       ||     1
 Armour: Animal skin       |    59 |    32 |    53 |       |       ||   144
         Skin              |       |    68 |    64 |   308 |   406 ||   846
         Robe              |       |       |    94 |       |       ||    94
  Dodge: Dodged            |    57 |    26 |   165 |   429 |   838 ||  1515
   Form: Flux              |       |       |     1 |       |       ||     1

Table legend: (Time is in decaauts)
 A = Elapsed time spent in this place.
 B = Non-inter-level travel time spent in this place.
 C = Inter-level travel time spent in this place.
 D = Time resting spent in this place.
 E = Time spent auto-exploring this place.
 F = Levels seen in this place.
 G = Mean time per level.
                   A        B        C        D        E       F      G
               +--------+--------+--------+--------+--------+-----+--------+
         Total |  17760 |  16819 |    941 |    767 |  12602 |  17 | 1044.7 |
       Dungeon |  12828 |  12122 |    706 |    579 |   9314 |  11 | 1166.2 |
        Temple |     27 |      2 |     25 |      0 |      0 |   1 |   27.0 |
          Lair |   4904 |   4694 |    210 |    187 |   3288 |   5 |  980.8 |
               +--------+--------+--------+--------+--------+-----+--------+

Top non-repeatable levels by time:
     D:7: 2225 daAuts
     D:6: 1406 daAuts
     D:3: 1404 daAuts
    D:10: 1403 daAuts
  Lair:3: 1353 daAuts
  Lair:4: 1220 daAuts
     D:8: 1218 daAuts
     D:4: 1193 daAuts
  Lair:2: 1128 daAuts
  Lair:1: 1086 daAuts
     D:2: 1045 daAuts
    D:11: 842 daAuts
     D:1: 729 daAuts
     D:5: 688 daAuts
     D:9: 671 daAuts
